SAA
LANNISTER UNITED LIONHEARTS @ PHOENIX HOTSPUR YOUTH
08/19/2034
 
TOP OF THE 1ST
Lannister United Lionhearts batting - Pitching for Phoenix Hotspur Youth : RHP Juan Morán
Pitching: RHP Juan Morán
Batting: RHB Dejmi Dumervil 0-0: Swinging Strike
0-1: Fly out, F9 (Flyball, 89M)
Batting: SHB Gerrie Bond 0-0: Called Strike
0-1: Called Strike
0-2: SINGLE (Groundball, 4D)
Batting: RHB Riley Walker 0-0: Foul Ball, location: 2F
0-1: SINGLE (Line Drive, 9LS)
Gerrie Bond to second
Batting: LHB Dave Watts 0-0: Fly out, F7 (Line Drive, 7)
Batting: LHB Michael Witt 0-0: Foul Ball, location: 2F
0-1: Ball
1-1: SINGLE (Groundball, 34D)
Gerrie Bond to third
Riley Walker to second
Runner from 3rd tries for Home, SAFE, no throw
Batting: RHB Mitsuhide Bando 0-0: Ball
1-0: Ball
2-0: Called Strike
2-1: Called Strike
2-2: Ball
3-2: Fly out, F1 (Line Drive, 15)
Top of the 1st over - 1 run, 3 hits, 0 errors, 2 left on base; Lannister United 1 - Phoenix Hotspur 0
BOTTOM OF THE 1ST
Phoenix Hotspur Youth batting - Pitching for Lannister United Lionhearts : RHP Kevin Maughan
Pitching: RHP Kevin Maughan
Batting: LHB Joseph Antoine 0-0: Ball
1-0: Ball
2-0: Called Strike
2-1: Foul Ball, location: 2F
2-2: Ball
3-2: Ground out 6-3 (Groundball, 6M)
Batting: RHB Francisco Arriagada 0-0: Ground out 4-3 (Groundball, 4)
Batting: LHB Phil Mazzeo 0-0: Called Strike
0-1: Swinging Strike
0-2: Strikes out swinging
Bottom of the 1st over - 0 runs, 0 hits, 0 errors, 0 left on base; Lannister United 1 - Phoenix Hotspur 0
TOP OF THE 2ND
Lannister United Lionhearts batting - Pitching for Phoenix Hotspur Youth : RHP Juan Morán
Batting: RHB Andy Garnet 0-0: Ball
1-0: Swinging Strike
1-1: Swinging Strike
1-2: Ball
2-2: Strikes out looking
Batting: RHB Mareka Naidoo 0-0: Called Strike
0-1: Ground out 4-3 (Groundball, 4S)
Batting: SHB Curt Deal 0-0: Ball
1-0: Ball
2-0: Called Strike
2-1: SINGLE (Groundball, 34S) (infield hit)
Batting: RHB Dejmi Dumervil 0-0: Ball
1-0: Ball
2-0: Called Strike
2-1: Called Strike
2-2: Fly out, F8 (Line Drive, 8LXD)
Top of the 2nd over - 0 runs, 1 hit, 0 errors, 1 left on base; Lannister United 1 - Phoenix Hotspur 0
BOTTOM OF THE 2ND
Phoenix Hotspur Youth batting - Pitching for Lannister United Lionhearts : RHP Kevin Maughan
Batting: LHB Carlos Rodríguez 0-0: Ball
1-0: Swinging Strike
1-1: Ball
2-1: Ground out 6-3 (Groundball, 6)
Batting: RHB Jonas van Claveren 0-0: Foul Ball, location: 2F
0-1: Called Strike
0-2: SINGLE (Groundball, 56D)
Batting: LHB Damian Alldred 0-0: Ball
Jonas van Claveren is caught stealing 2nd base
1-0: Foul Ball, location: 2F
1-1: Foul Ball, location: 2F
1-2: Ball
2-2: Ball
3-2: SINGLE (Groundball, 4D)
Batting: RHB José Souza 0-0: Ball
1-0: Called Strike
1-1: Ball
2-1: Called Strike
2-2: Ground out 4-3 (Groundball, 4MS)
Bottom of the 2nd over - 0 runs, 2 hits, 0 errors, 1 left on base; Lannister United 1 - Phoenix Hotspur 0
TOP OF THE 3RD
Lannister United Lionhearts batting - Pitching for Phoenix Hotspur Youth : RHP Juan Morán
Batting: SHB Gerrie Bond 0-0: Ball
1-0: SINGLE (Line Drive, 89S)
Batting: RHB Riley Walker 0-0: Swinging Strike
0-1: Fly out, F5 (Line Drive, 5)
Batting: LHB Dave Watts 0-0: Called Strike
0-1: Ball
1-1: Swinging Strike
1-2: Foul Ball, location: 2F
1-2: Ball
2-2: Foul Ball, location: 2F
2-2: Ball
3-2: Base on Balls
Gerrie Bond to second
Batting: LHB Michael Witt 0-0: SINGLE (Flyball, 78S)
Gerrie Bond to third
Dave Watts to second
Runner from 3rd tries for Home, SAFE, throw made home
Batting: RHB Mitsuhide Bando 0-0: Swinging Strike
0-1: Ball
1-1: Called Strike
1-2: Ball
2-2: Foul Ball, location: 2F
2-2: SINGLE (Line Drive, 6MD)
Dave Watts to third
Michael Witt to second
Runner from 3rd tries for Home, SAFE, no throw
Batting: RHB Andy Garnet 0-0: Ball
1-0: Foul Ball, location: 2F
1-1: Grounds into double play, 4-6-3 (Groundball, 4)
Top of the 3rd over - 2 runs, 3 hits, 0 errors, 1 left on base; Lannister United 3 - Phoenix Hotspur 0
BOTTOM OF THE 3RD
Phoenix Hotspur Youth batting - Pitching for Lannister United Lionhearts : RHP Kevin Maughan
Batting: RHB Myles Brundidge 0-0: Ball
1-0: Called Strike
1-1: Foul Ball, location: 2F
1-2: Ball
2-2: Strikes out swinging
Batting: RHB Braylen Sampson 0-0: Called Strike
0-1: Foul Ball, location: 2F
0-2: Ball
1-2: Strikes out swinging
Batting: LHB Joseph Antoine 0-0: Called Strike
0-1: Ball
1-1: Ball
2-1: Ball
3-1: Fly out, F4 (Popup, 34)
Bottom of the 3rd over - 0 runs, 0 hits, 0 errors, 0 left on base; Lannister United 3 - Phoenix Hotspur 0
TOP OF THE 4TH
Lannister United Lionhearts batting - Pitching for Phoenix Hotspur Youth : RHP Juan Morán
Batting: RHB Mareka Naidoo 0-0: SINGLE (Groundball, 56D)
Batting: SHB Curt Deal 0-0: Called Strike
0-1: Ball
1-1: Called Strike
1-2: Ball
2-2: Ball
3-2: Base on Balls
Mareka Naidoo to second
Batting: RHB Dejmi Dumervil 0-0: Fly out, F7 (Flyball, 7)
Batting: SHB Gerrie Bond 0-0: Called Strike
0-1: Swinging Strike
0-2: Foul Ball, location: 2F
0-2: Foul Ball, location: 2F
0-2: Ball
1-2: Ball
2-2: Foul Ball, location: 2F
2-2: Strikes out swinging
Batting: RHB Riley Walker 0-0: Foul Ball, location: 2F
0-1: 3-RUN HOME RUN (Flyball, 7LD), Distance : 359 ft
Batting: LHB Dave Watts 0-0: Called Strike
0-1: Ground out U3 (Groundball, 3)
Top of the 4th over - 3 runs, 2 hits, 0 errors, 0 left on base; Lannister United 6 - Phoenix Hotspur 0
BOTTOM OF THE 4TH
Phoenix Hotspur Youth batting - Pitching for Lannister United Lionhearts : RHP Kevin Maughan
Batting: RHB Francisco Arriagada 0-0: Called Strike
0-1: Foul Ball, location: 2F
0-2: Strikes out swinging
Batting: LHB Phil Mazzeo 0-0: Ball
1-0: Foul Ball, location: 2F
1-1: Ball
2-1: Ball
3-1: Foul Ball, location: 2F
3-2: Strikes out swinging
Batting: LHB Carlos Rodríguez 0-0: SINGLE (Groundball, 4MD)
Batting: RHB Jonas van Claveren 0-0: Ball
1-0: Ground out 4-3 (Groundball, 4M)
Bottom of the 4th over - 0 runs, 1 hit, 0 errors, 1 left on base; Lannister United 6 - Phoenix Hotspur 0
TOP OF THE 5TH
Lannister United Lionhearts batting - Pitching for Phoenix Hotspur Youth : RHP Juan Morán
Batting: LHB Michael Witt 0-0: Ball
1-0: Fly out, F9 (Flyball, 89D)
Batting: RHB Mitsuhide Bando 0-0: Called Strike
0-1: Ground out 5-3 (Groundball, 56)
Batting: RHB Andy Garnet 0-0: Swinging Strike
0-1: Foul Ball, location: 2F
0-2: Foul Ball, location: 2F
0-2: Ball
1-2: Ground out 6-3 (Groundball, 6)
Top of the 5th over - 0 runs, 0 hits, 0 errors, 0 left on base; Lannister United 6 - Phoenix Hotspur 0
BOTTOM OF THE 5TH
Phoenix Hotspur Youth batting - Pitching for Lannister United Lionhearts : RHP Kevin Maughan
Batting: LHB Damian Alldred 0-0: Called Strike
0-1: Ground out 5-3 (Groundball, 56S)
Batting: RHB José Souza 0-0: SINGLE (Groundball, 34D)
Batting: RHB Myles Brundidge 0-0: Called Strike
0-1: Ball
1-1: Called Strike
1-2: Fly out, F8 (Flyball, 89D)
Batting: RHB Braylen Sampson 0-0: Called Strike
0-1: Foul Ball, location: 2F
0-2: Ball
1-2: Strikes out looking
Bottom of the 5th over - 0 runs, 1 hit, 0 errors, 1 left on base; Lannister United 6 - Phoenix Hotspur 0
TOP OF THE 6TH
Lannister United Lionhearts batting - Pitching for Phoenix Hotspur Youth : RHP Juan Morán
Batting: RHB Mareka Naidoo 0-0: Ball
1-0: Ball
2-0: Ball
3-0: Base on Balls
Batting: SHB Curt Deal 0-0: Foul Ball, location: 2F
0-1: Ball
1-1: Swinging Strike
1-2: Fly out, F7 (Flyball, 7LS)
Batting: RHB Dejmi Dumervil Pickoff Throw to First - Out!
0-0: Ball
1-0: Ball
2-0: Called Strike
2-1: Swinging Strike
2-2: Foul Ball, location: 2F
2-2: Fly out, F4 (Popup, 34D)
Top of the 6th over - 0 runs, 0 hits, 0 errors, 0 left on base; Lannister United 6 - Phoenix Hotspur 0
BOTTOM OF THE 6TH
Phoenix Hotspur Youth batting - Pitching for Lannister United Lionhearts : RHP Kevin Maughan
Batting: LHB Joseph Antoine 0-0: Ground out 4-3 (Groundball, 4)
Batting: RHB Francisco Arriagada 0-0: Ball
1-0: Called Strike
1-1: Ball
2-1: Foul Ball, location: 2F
2-2: Ball
3-2: Base on Balls
Batting: LHB Phil Mazzeo 0-0: Ball
1-0: Ball
2-0: Called Strike
2-1: Ball
3-1: Base on Balls
Francisco Arriagada to second
Batting: LHB Carlos Rodríguez 0-0: Called Strike
0-1: Ball
1-1: Called Strike
1-2: SINGLE (Line Drive, 8LS)
Francisco Arriagada to third
Phil Mazzeo to second
Batting: RHB Jonas van Claveren 0-0: Called Strike
0-1: Hit by Pitch
Francisco Arriagada scores
Phil Mazzeo to third
Carlos Rodríguez to second
Batting: LHB Damian Alldred 0-0: Fielders Choice at 2nd, 4-6 (Groundball, 34)
Phil Mazzeo scores
Carlos Rodríguez to third
Batting: RHB José Souza 0-0: DOUBLE (Line Drive, 9LS)
Carlos Rodríguez scores
Damian Alldred to third
Runner from 3rd tries for Home, SAFE, no throw
Batting: RHB Myles Brundidge 0-0: SINGLE (Groundball, 6MD)
José Souza to third
Runner from 3rd tries for Home, SAFE, throw made home
Pitching: LHP Fernando Elías
Batting: RHB Braylen Sampson 0-0: Ball
1-0: Foul Ball, location: 2F
1-1: Ball
2-1: Foul Ball, location: 2F
2-2: Strikes out swinging
Bottom of the 6th over - 5 runs, 3 hits, 0 errors, 1 left on base; Lannister United 6 - Phoenix Hotspur 5
TOP OF THE 7TH
Lannister United Lionhearts batting - Pitching for Phoenix Hotspur Youth : RHP Juan Morán
Batting: SHB Gerrie Bond 0-0: Foul Ball, location: 2F
0-1: Swinging Strike
0-2: Ball
1-2: Strikes out looking
Batting: RHB Riley Walker 0-0: Ball
1-0: Ball
2-0: Called Strike
2-1: Ground out 5-3 (Groundball, 56)
Batting: LHB Dave Watts 0-0: Swinging Strike
0-1: Called Strike
0-2: DOUBLE (Groundball, 3L)
Pitching: LHP Neal Burns
Batting: LHB Michael Witt 0-0: Foul Ball, location: 2F
0-1: Ball
1-1: Ball
2-1: Ball
3-1: Fly out, F8 (Flyball, 8RD)
Top of the 7th over - 0 runs, 1 hit, 0 errors, 1 left on base; Lannister United 6 - Phoenix Hotspur 5
BOTTOM OF THE 7TH
Phoenix Hotspur Youth batting - Pitching for Lannister United Lionhearts : LHP Fernando Elías
Batting: LHB Joseph Antoine 0-0: Called Strike
0-1: Ball
1-1: Fly out, F8 (Flyball, 8LM)
Batting: RHB Francisco Arriagada 0-0: Ball
1-0: Ball
2-0: Ball
3-0: Called Strike
3-1: Foul Ball, location: 2F
3-2: Fly out, F9 (Flyball, 89M)
Batting: LHB Phil Mazzeo 0-0: Ball
1-0: Ball
2-0: Foul Ball, location: 2F
2-1: Called Strike
2-2: Ball
3-2: Base on Balls
Batting: LHB Carlos Rodríguez 0-0: Ball
1-0: Called Strike
Phil Mazzeo steals 2nd base
1-1: Swinging Strike
1-2: Foul Ball, location: 2F
1-2: Strikes out swinging
Bottom of the 7th over - 0 runs, 0 hits, 0 errors, 1 left on base; Lannister United 6 - Phoenix Hotspur 5
TOP OF THE 8TH
Lannister United Lionhearts batting - Pitching for Phoenix Hotspur Youth : LHP Neal Burns
Batting: RHB Mitsuhide Bando 0-0: Called Strike
0-1: Fly out, F6 (Popup, 6D)
Batting: RHB Andy Garnet 0-0: Ball
1-0: Swinging Strike
1-1: Fly out, F8 (Flyball, 89D)
Batting: RHB Mareka Naidoo 0-0: Ball
1-0: Ball
2-0: Ball
3-0: Base on Balls
Pinch Hitting: RHB Víctor Murguia 0-0: Fly out, F9 (Flyball, 89D)
Top of the 8th over - 0 runs, 0 hits, 0 errors, 1 left on base; Lannister United 6 - Phoenix Hotspur 5
BOTTOM OF THE 8TH
Phoenix Hotspur Youth batting - Pitching for Lannister United Lionhearts : LHP Fernando Elías
Now at 3B: Víctor Murguia
Now in LF: Manny García
Batting: RHB Jonas van Claveren 0-0: Ball
1-0: Foul Ball, location: 2F
1-1: SOLO HOME RUN (Flyball, 7LD), Distance : 343 ft
Pinch Hitting: RHB Bill Poole 0-0: Ground out 6-3 (Groundball, 6)
Batting: RHB José Souza 0-0: Ball
1-0: Called Strike
1-1: Foul Ball, location: 2F
1-2: Strikes out looking
Batting: RHB Myles Brundidge 0-0: Ball
1-0: Fly out, F9 (Flyball, 9S)
Bottom of the 8th over - 1 run, 1 hit, 0 errors, 0 left on base; Lannister United 6 - Phoenix Hotspur 6
TOP OF THE 9TH
Lannister United Lionhearts batting - Pitching for Phoenix Hotspur Youth : LHP Neal Burns
Now at 2B: Bill Erickson
Batting: RHB Manny García 0-0: Called Strike
0-1: Fly out, F7 (Flyball, 7S)
Batting: SHB Gerrie Bond 0-0: SINGLE (Flyball, 8RS)
Batting: RHB Riley Walker 0-0: Ball
1-0: SINGLE (Groundball, 56D)
Gerrie Bond to second
Pinch Hitting: RHB Juan López 0-0: Ball
1-0: Swinging Strike
1-1: Ball
2-1: Swinging Strike
2-2: Strikes out swinging
Batting: LHB Michael Witt 0-0: Foul Ball, location: 2F
0-1: Ball
1-1: Fly out, F2 (Popup, 5SF)
Top of the 9th over - 0 runs, 2 hits, 0 errors, 2 left on base; Lannister United 6 - Phoenix Hotspur 6
BOTTOM OF THE 9TH
Phoenix Hotspur Youth batting - Pitching for Lannister United Lionhearts : LHP Fernando Elías
Now in LF: Juan López
Batting: RHB Braylen Sampson 0-0: Foul Ball, location: 2F
0-1: Ball
1-1: Swinging Strike
1-2: Foul Ball, location: 2F
1-2: Ball
2-2: Ground out 5-3 (Groundball, 56)
Pinch Hitting: RHB Greg Billingsley 0-0: Ball
1-0: Swinging Strike
1-1: Fly out, F7 (Line Drive, 7)
Batting: RHB Francisco Arriagada 0-0: Foul Ball, location: 2F
0-1: Foul Ball, location: 2F
0-2: Foul Ball, location: 2F
0-2: Ground out 6-3 (Groundball, 6)
Bottom of the 9th over - 0 runs, 0 hits, 0 errors, 0 left on base; Lannister United 6 - Phoenix Hotspur 6
TOP OF THE 10TH
Lannister United Lionhearts batting - Pitching for Phoenix Hotspur Youth : LHP Neal Burns
Now at 3B: Greg Billingsley
Batting: RHB Mitsuhide Bando 0-0: Called Strike
0-1: Ball
1-1: SINGLE (Line Drive, 9LM)
Pinch Runner at 1st Gonzalo Vásquez:
Batting: RHB Andy Garnet 0-0: Foul Ball, location: 2F
0-1: Grounds into double play, 5-4-3 (Groundball, 5)
Batting: RHB Mareka Naidoo 0-0: Foul Ball, location: 2F
0-1: Ball
1-1: Foul Ball, location: 2F
1-2: Foul Ball, location: 2F
1-2: SINGLE (Groundball, 56D)
Batting: RHB Víctor Murguia 0-0: Called Strike
0-1: Ball
1-1: Ball
2-1: Ball
3-1: Foul Ball, location: 2F
3-2: Base on Balls
Mareka Naidoo to second
Batting: RHB Manny García 0-0: Ball
1-0: Foul Ball, location: 2F
1-1: Fly out, F6 (Popup, 6M)
Top of the 10th over - 0 runs, 2 hits, 0 errors, 2 left on base; Lannister United 6 - Phoenix Hotspur 6
BOTTOM OF THE 10TH
Phoenix Hotspur Youth batting - Pitching for Lannister United Lionhearts : LHP Fernando Elías
Pitching: RHP Kliment Spirk
Now in LF: Gonzalo Vásquez
Batting: LHB Phil Mazzeo 0-0: Ball
1-0: SINGLE (Line Drive, 89S)
Batting: LHB Carlos Rodríguez 0-0: Called Strike
0-1: Called Strike
0-2: Ball
Phil Mazzeo steals 2nd base
1-2: Foul Ball, location: 2F
1-2: Ground out 3-1 (Groundball, 34S)
Phil Mazzeo to third
Batting: RHB Jonas van Claveren 0-0: Intentional Walk
Pinch Hitting: LHB Tyler Kinjeketile 0-0: Ball
1-0: Called Strike
1-1: SINGLE (Groundball, 34D)
Phil Mazzeo scores
Friday, March 29th, 2019 - OOTP Baseball 18.8 Build 76